 Dungeon Crawl Stone Soup version 0.23.1-37-gaa34b87b72 (webtiles) character file.

Game seed: 4574646031897486040

8039 Acheron the Covert (level 11, -4/80 HPs)
             Began as a Vampire Assassin on Mar 26, 2019.
             Was a High Priest of Okawaru.
             Slain by an earth elemental (31 damage)
             ... summoned by a deep elf mage
             ... on level 11 of the Dungeon.
             The game lasted 01:20:24 (14575 turns).

Acheron the Covert (Vampire Assassin)              Turns: 14575, Time: 01:20:24

Health: -4/80      AC:  7    Str: 13    XL:     11   Next: 4%
Magic:  14/14      EV: 23    Int: 14    God:    Okawaru [*****.]
Gold:   403        SH:  5    Dex: 18    Spells: 10/13 levels left

rFire    . . .     SeeInvis +   F - +1 falchion (drain)
rCold    . . .     Gourm    .   K - +0 buckler
rNeg     + + .     Faith    .   T - +1 leather armour of the Slightly Bent {rN+ Str+2}
rPois    +         Spirit   .   (no helmet)
rElec    .         Reflect  .   d - +1 cloak
rCorr    .         Harm     .   l - +0 pair of gloves
MR       +....                  (no boots)
Stlth    +++++.....             (no amulet)
HPRegen  0.23/turn              w - +6 ring of evasion
MPRegen  0.14/turn              G - ring of poison resistance

@: no status effects
A: fangs 3, see invisible, unbreathing
a: Bat Form, Heroism, Finesse, Renounce Religion


You were on level 11 of the Dungeon.
You worshipped Okawaru.
Okawaru was extremely pleased with you.
You were not thirsty.

You visited 2 branches of the dungeon, and saw 13 of its levels.

You collected 557 gold pieces.
You spent 154 gold pieces at shops.

Inventory:

Hand Weapons
 a - a +3 dagger
 b - a +0 blowgun
 o - a +0 rapier
 E - a +0 short sword of draining
 F - a +1 falchion of draining (weapon)
 L - a cursed -2 hand crossbow
 M - a +0 trident
Missiles
 c - 8 javelins
 e - 68 poisoned needles
 f - 2 curare-tipped needles
 m - 55 stones (quivered)
 u - 5 throwing nets
Armour
 d - a +1 cloak (worn)
 l - a +0 pair of gloves (worn)
 z - a scarf of resistance
 C - a +1 leather armour of fire resistance
 K - a +0 buckler (worn)
 T - the +1 leather armour of the Slightly Bent (worn) {rN+ Str+2}
   (You bought it in a shop on level 7 of the Dungeon)

   It affects your strength (+2).
   It protects you from negative energy.
 W - a cursed +0 helmet
Magical Staves
 N - an uncursed staff of energy
Jewellery
 n - an uncursed ring of resist corrosion
 w - a +6 ring of evasion (left hand)
 y - an uncursed ring of stealth
 D - an uncursed ring of ice
 G - a ring of poison resistance (right hand)
 S - an uncursed amulet of magic regeneration
Wands
 v - a wand of disintegration (21)
 O - a wand of iceblast (6)
 Q - a wand of random effects (5)
 R - a wand of digging (8)
 U - a wand of polymorph (8)
 X - a wand of flame (2)
Scrolls
 h - a scroll of immolation
 i - 6 scrolls of magic mapping
 r - 3 scrolls of remove curse
 t - a scroll of enchant weapon
 I - 2 scrolls of teleportation
 V - 2 scrolls of identify
Potions
 g - 12 potions of blood
 j - 5 potions of curing
 k - 2 potions of degeneration {unknown}
 p - 2 potions of heal wounds {unknown}
 q - a potion of agility {unknown}
 s - a potion of ambrosia {unknown}
 x - a potion of berserk rage {unknown}
 A - 4 potions of lignification
 H - 2 potions of brilliance {unknown}
 J - 2 potions of invisibility {unknown}
 P - a potion of mutation {unknown}


   Skills:
 * Level 5.4 Fighting
 + Level 6.4(6.8) Short Blades
 + Level 3.0(4.8) Long Blades
 + Level 1.7 Throwing
 * Level 4.2 Armour
 * Level 8.1 Dodging
 + Level 13.0 Stealth
 * Level 3.5 Shields
 * Level 1.6 Spellcasting
 * Level 1.3 Translocations
 * Level 3.7 Invocations
 * Level 4.7 Evocations


You had 10 spell levels left.
You knew the following spells:

 Your Spells              Type           Power        Failure   Level  Hunger
a - Apportation           Tloc           #.....       19%         1    ##.....
b - Blink                 Tloc           N/A          28%         2    ###....

Your spell library contained the following spells:

 Spells                   Type           Power        Failure   Level  Hunger
 Magic Dart               Conj           #...         32%         1    ##.....
 Summon Butterflies       Summ           #.......     32%         1    ##.....
 Call Imp                 Summ           #.......     45%         2    ###....
 Slow                     Hex            #.......     45%         2    ###....
 Lesser Beckoning         Tloc           #.........   50%         3    ####...
 Conjure Flame            Conj/Fire      #.......     69%         3    ####...
 Mephitic Cloud           Conj/Pois/Air  #.......     69%         3    ####...
 Tukima's Dance           Hex            #.......     69%         3    ####...
 Alistair's Intoxication  Tmut/Pois      #.......     100%        5    ######.
 Invisibility             Hex            #.......     100%        6    #######


Dungeon Overview and Level Annotations

Branches:
Dungeon (12/15)            Temple (1/1) D:5             Orc (0/2) D:11
   Lair: D:8-11

Altars:
Ashenzari
Cheibriados
Dithmenos
Elyvilon
Fedhas
Gozag
Hepliaklqana
Kikubaaqudgha
Makhleb
Nemelex Xobeh
Okawaru
Qazlal
Ru
Sif Muna
Trog
Uskayaw
Vehumet
Wu Jian
Xom
Yredelemnul
Zin
The Shining One

Shops:
D:7 [

Annotations:
D:7 Joseph
D:12 Frances


Innate Abilities, Weirdness & Mutations

You have razor-sharp teeth.
You have supernaturally acute eyesight. (SInv)
You can survive without breathing.


Message History

You hit the earth elemental but do no damage.
The earth elemental closely misses you.
You slash the orc!
You kill the orc!
Okawaru accepts your kill.
The earth elemental disappears in a puff of smoke!
You see here a +0 whip.
You hit the earth elemental.
The earth elemental is lightly damaged.
The deep elf mage seems less drained.
You hit the earth elemental but do no damage.
The earth elemental is lightly damaged.
The earth elemental misses you.
You riposte.
You hit the earth elemental but do no damage.
The earth elemental is lightly damaged.
The deep elf mage casts a spell.
You hit the earth elemental but do no damage.
The earth elemental is lightly damaged.
The earth elemental hits you!!
You die...

### #.## ...##
..>.# #######
...#### #.o○).#
......######.###.#
....#.o.*.*[.# #@#
...###.#####)###E#
##..#..# #[..>e#
###.*.########E###
#..o..........(.#
#.############..#
#. #...#.# ...
#^##..# .8...
#.###.###


You could see 2 earth elementals and a deep elf mage.

Vanquished Creatures
  A yaktaur captain (D:9)
  A deep elf mage (D:11)
  2 cyclopes (D:11)
  An ugly thing (D:11)
  A slime creature (D:11)
  A hippogriff (D:9)
  6 yaks (D:11)
  A shadow (D:11)
  Eustachio (D:5)
  Grum (D:8)
  Menkaure (D:4)
  2 sky beasts
  2 orc warriors (D:11)
  An ice beast (D:10)
  A phantom (D:5)
  4 wolves (D:8)
  6 ogres
  8 centaurs
  4 bullfrogs
  A gnoll sergeant (D:7)
  A wyvern skeleton (D:9)
  A scorpion (D:10)
  A water moccasin skeleton (D:10)
  4 crimson imps
  A bullfrog zombie (D:6)
  2 jellies
  7 hounds
  6 orc wizards
  2 centaur skeletons
  An orc priest (D:11)
  3 bullfrog skeletons
  3 iguanas
  8 worker ants
  A hound skeleton (D:7)
  A worker ant zombie (D:7)
  9 adders
  4 gnolls
  A shadow imp (D:6)
  2 adder skeletons
  2 worms
  5 leopard geckos
  20 orcs
  2 ball pythons
  7 bats
  2 giant cockroaches
  7 goblins
  4 hobgoblins
  26 jackals
  6 kobolds
  2 quokkas
  3 frilled lizards
  2 goblin zombies (D:5)
  A leopard gecko skeleton (D:7)
  A quokka skeleton (D:5)
  7 rats
201 creatures vanquished.

Notes
Turn   | Place    | Note
-------+----------+-------------------------------------------
     0 | D:1      | Acheron the Vampire Assassin began the quest for the Orb.
     0 | D:1      | Reached XP level 1. HP: 16/16 MP: 1/1
    52 | D:1      | Reached skill level 6 in Stealth
   228 | D:1      | Reached XP level 2. HP: 22/22 MP: 2/2
   617 | D:2      | Found a snail-covered altar of Cheibriados.
   651 | D:2      | Reached XP level 3. HP: 20/27 MP: 3/3
   655 | D:2      | Reached skill level 7 in Stealth
   972 | D:2      | Found an ornate altar of the Wu Jian Council.
  1530 | D:2      | Reached XP level 4. HP: 11/33 MP: 4/4
  2136 | D:4      | Noticed Menkaure
  2137 | D:4      | Killed Menkaure
  2137 | D:4      | Reached XP level 5. HP: 38/38 MP: 5/5
  3104 | D:5      | Entered Level 5 of the Dungeon
  3128 | D:5      | Found a staircase to the Ecumenical Temple.
  3129 | D:5      | Noticed Eustachio
  3137 | D:5      | Reached XP level 6. HP: 46/46 MP: 6/6
  3144 | Temple   | Entered the Ecumenical Temple
  3240 | D:5      | Noticed a sky beast
  3269 | D:4      | Killed a sky beast
  3497 | D:5      | Reached skill level 8 in Stealth
  3571 | D:4      | Found a shattered altar of Ashenzari.
  3572 | D:4      | Found a glowing silver altar of Zin.
  3574 | D:4      | Found a sparkling altar of Nemelex Xobeh.
  3575 | D:4      | Found an ancient bone altar of Kikubaaqudgha.
  3576 | D:4      | Found a shadowy altar of Dithmenos.
  3813 | D:4      | Reached skill level 1 in Evocations
  3813 | D:4      | Reached XP level 7. HP: 18/51 MP: 7/7
  4886 | D:4      | Found a stormy altar of Qazlal.
  4924 | D:4      | Reached skill level 1 in Armour
  5257 | D:5      | Killed Eustachio
  5257 | D:5      | Reached skill level 5 in Dodging
  5564 | D:5      | Got an iridescent halberd
  5565 | D:5      | Identified the +8 halberd "Lupeg" {holy, -Tele Dex+6
                  | Stlth+} (You found it on level 5 of the Dungeon)
  5892 | D:5      | Reached skill level 9 in Stealth
  5892 | D:5      | Reached XP level 8. HP: 44/58 MP: 9/9
  6402 | D:6      | Reached skill level 5 in Short Blades
  6589 | D:6      | Found an iron altar of Okawaru.
  6608 | D:6      | Became a worshipper of Warmaster Okawaru
  7187 | D:6      | Found a sacrificial altar of Ru.
  7243 | D:7      | Reached * piety under Okawaru
  7292 | D:7      | Reached skill level 1 in Shields
  7307 | D:7      | Noticed Joseph
  7326 | D:7      | Reached skill level 1 in Invocations
  7860 | D:8      | Noticed a hippogriff
  8000 | D:7      | Reached skill level 10 in Stealth
  8431 | D:7      | Reached XP level 9. HP: 64/65 MP: 11/11
  9592 | D:7      | Found Jafio's Antique Armour Emporium.
  9598 | D:7      | Bought a polished leather armour for 154 gold pieces
  9708 | D:9      | You fall through a shaft for 3 floors!
  9722 | D:12     | Noticed a green ugly thing
  9782 | D:12     | Noticed Frances
  9789 | D:12     | Noticed a rust devil
 10136 | D:12     | Noticed a two-headed ogre
 10164 | D:12     | Noticed a gargoyle
 10677 | D:11     | Noticed a deep elf mage
 10677 | D:11     | Noticed a deep elf mage
 10677 | D:11     | Noticed a deep elf mage
 10677 | D:11     | Noticed a deep elf mage
 10677 | D:11     | Noticed a deep elf mage
 10677 | D:11     | Noticed a deep elf mage
 10679 | D:11     | Noticed a deep elf mage
 10679 | D:11     | Noticed a deep elf mage
 10686 | D:11     | Noticed a deep elf mage
 10706 | D:10     | Entered Level 10 of the Dungeon
 11474 | D:9      | Reached ** piety under Okawaru
 11474 | D:9      | Reached skill level 11 in Stealth
 11926 | D:9      | Noticed a yaktaur captain
 11938 | D:9      | HP: 2/66 [yaktaur captain (7)]
 11942 | D:9      | Killed a yaktaur captain
 11942 | D:9      | Reached *** piety under Okawaru
 11942 | D:9      | Reached skill level 1 in Long Blades
 11942 | D:9      | Reached skill level 12 in Stealth
 11942 | D:9      | Reached XP level 10. HP: 2/73 MP: 10/12
 12727 | D:9      | Noticed a two-headed ogre
 12804 | D:8      | Noticed Grum
 12827 | D:8      | Killed Grum
 12827 | D:8      | Reached **** piety under Okawaru
 13229 | D:8      | Identified the +1 leather armour of the Slightly Bent {rN+
                  | Str+2} (You bought it in a shop on level 7 of the Dungeon)
 13786 | D:9      | Learned a level 1 spell: Apportation
 13789 | D:9      | Learned a level 2 spell: Blink
 13904 | D:10     | Noticed a two-headed ogre
 13974 | D:11     | Noticed a cyclops
 13980 | D:11     | Killed a cyclops
 13991 | D:11     | Reached skill level 5 in Fighting
 14000 | D:11     | Noticed a cyclops
 14006 | D:11     | Killed a cyclops
 14072 | D:11     | Found a staircase to the Orcish Mines.
 14099 | D:11     | Received a gift from Okawaru
 14132 | D:11     | Noticed a green ugly thing
 14133 | D:11     | Noticed a two-headed ogre
 14149 | D:11     | Killed a green ugly thing
 14149 | D:11     | Reached skill level 13 in Stealth
 14149 | D:11     | Reached skill level 1 in Spellcasting
 14149 | D:11     | Reached skill level 1 in Translocations
 14205 | D:11     | Noticed an unseen horror
 14548 | D:11     | Killed a deep elf mage
 14548 | D:11     | Reached ***** piety under Okawaru
 14548 | D:11     | Reached XP level 11. HP: 77/80 MP: 11/14
 14575 | D:11     | Slain by an earth elemental

Skill      XL: |  1  2  3  4  5  6  7  8  9 10 |
---------------+-------------------------------+-----
Stealth        | 6 7 8 9 10 12 13 | 13.0
Fighting       | 2 3 4 5 |  5.4
Dodging        | 2 3 4 5 6 7 8 |  8.1
Short Blades   | 3 4 5 6 |  6.4
Evocations     | 1 2 3 4 |  4.7
Armour         | 1 2 3 4 |  4.2
Shields        | 1 2 3 |  3.5
Invocations    | 1 2 3 |  3.7
Long Blades    | 1 3 |  3.0
Spellcasting   | 1 |  1.6
Translocations | 1 |  1.3
Throwing       | |  1.7

Action                   |  1- 3 |  4- 6 |  7- 9 | 10-12 || total
-------------------------+-------+-------+-------+-------++-------
Melee: Dagger            |   161 |   139 |   633 |    29 ||   962
       Bite              |    12 |    15 |    96 |    41 ||   164
       Falchion          |       |       |    37 |   212 ||   249
 Cast: Apportation       |       |       |       |     4 ||     4
Invok: Heroism           |       |       |     3 |     4 ||     7
 Abil: End Transformatio |       |       |     1 |     1 ||     2
       Bat Form          |       |       |     1 |     1 ||     2
Evoke: Wand              |       |       |     1 |       ||     1
  Use: Potion            |     1 |     4 |    13 |     4 ||    22
       Scroll            |       |     8 |    12 |     3 ||    23
 Stab: Sleeping          |     8 |    12 |    33 |     8 ||    61
  Eat: Corpse            |       |       |     3 |     1 ||     4
Armor: Robe              |    51 |    24 |       |       ||    75
       Leather armour    |       |     1 |    88 |    22 ||   111
Dodge: Dodged            |   120 |    93 |   505 |   159 ||   877
Block: Buckler           |       |       |    64 |    45 ||   109
       Rpst.: Falchion   |       |       |     5 |    55 ||    60
